woodfighter, chaotic female orcish Barbarian ---- --..| |...| ----- ----..-----...--- ...|.....|..<....| ... .............%...- ......................... .................).^.....% .....J^%..........>%...... ...%.%@.....)............ ......%%'................ ...).................... .......)... ....O...... .......... .... ........ @ ...... ^ woodfighter the Barbarian Experience level: 21 Strength: 18/05 Dexterity: 17 Constitution: 19 Intelligence: 9 Wisdom: 10 Charisma: 6 Health: 0(160) Energy: 46(46) Def: 27 Gold: 94 Moves: 27435 Dungeon seed [set]: Game ID: woodfighter_1679261523 Your Inventory: Coins $ - 94 gold pieces Amulets K - an uncursed amulet of unchanging V - an uncursed amulet of reflection (being worn) Weapons a - the blessed rustproof +6 Cleaver (weapon in hands) w - an uncursed +0 silver spear x - 5 uncursed +2 daggers named Mighty Dagger (in quiver) M - a cursed +2 silver spear Armor c - an uncursed -3 pair of levitation boots e - an uncursed +1 elven cloak (being worn) j - a blessed +2 orcish helm (being worn) r - an uncursed +0 pair of gauntlets of dexterity (being worn) C - a blessed +5 pair of speed boots (being worn) J - a blessed gray-scaled +6 elven mithril-coat (being worn) Comestibles F - 5 uncursed food rations Z - an uncursed lizard corpse Rings l - an uncursed ring of regeneration (on left hand) R - an uncursed ring of free action (on right hand) Wands d - an uncursed wand of teleportation (0:3) f - an uncursed wand of fire (0:3) g - an uncursed wand of digging (0:5) Tools m - an uncursed magic lamp (lit) q - an uncursed -3 unicorn horn s - an uncursed sack y - an uncursed lock pick W - an uncursed blindfold Gems z - the blessed Heart of Ahriman Contents of the sack: an uncursed +0 pair of leather gloves an uncursed eucalyptus leaf 2 uncursed lizard corpses 4 uncursed sprigs of wolfsbane an uncursed [+0] pick-axe Spells and supernatural/magical abilities: Name Level Category Fail Memory W - pray for help -- divine ? -- Your skills at the end: Miscellaneous Skills bare handed combat [Basic] stealth [Basic] Weapon Skills dagger [Basic] axe [Master] two-handed sword [Basic] Spellcasting Skills Final Attributes: You were piously aligned. You were fire resistant. You were cold resistant. You were sleep resistant. You were shock resistant. You were poison resistant. You were magic-protected. You were confused. You had infravision. You were stealthy. You regenerated. You were protected. You were very fast. You had reflection. You had free action. You were extremely lucky. You had extra luck. Good luck did not time out for you. You are dead. Vanquished creatures: 2 mammoths Medusa a blue dragon a yellow dragon a titan Thoth Amon 3 purple worms 5 minotaurs 2 titanotheres an Angel a young gray dragon a young silver dragon a young red dragon a young orange dragon a young blue dragon 2 young green dragons 2 Olog-hai a pit fiend a baby silver dragon a gryphon a guardian naga 9 vampire lords 3 captains 3 liches 2 nurses an ice devil 2 lurkers above 3 Aleaxes 3 frost giants a golden naga 16 vampires 56 ghosts an ettin 3 lieutenants a barbarian a queen bee 3 giant mimics a fire giant an ogre king 2 Elvenkings 44 rock trolls a grizzly bear 3 umber hulks 4 hezrous 7 bone devils a salamander 3 large mimics a wumpus a baby purple worm 2 long worms 3 stalkers 2 air elementals an earth elemental a water elemental a hill giant 2 giant mummies 5 black nagas 4 xorns 11 giant zombies 5 sergeants 4 vrocks 2 wargs 2 winter wolves 6 quantum mechanics 7 small mimics 2 island nymphs a glass piercer a warhorse 2 xans 4 sharks 2 ettin mummies 5 ogre lords 32 trolls 2 brown bears 2 sasquatches 2 wood golems a werebear 2 pyrolisks a large dog 2 stinking spheres 2 flaming spheres 4 shocking spheres 2 large cats 6 tigers a gargoyle a dwarf king 5 tengu 6 gelatinous cubes 2 ochre jellies 2 crocodiles a chameleon 2 leocrottas 2 energy vortices 6 giants 2 elf mummies 2 human mummies a red naga 6 Grey-elves a python a cobra a black bear 60 wraiths 18 ettin zombies 5 leather golems 45 soldiers 6 succubi 7 incubi 8 giant beetles 6 cockatrices 2 wolves 2 winter wolf cubs a lynx a gremlin 7 leprechauns 6 quivering blobs 2 spotted jellies 3 lizards 4 mountain nymphs 3 mumakil 14 giant spiders 6 scorpions 2 iron piercers 4 horses an ice vortex 7 vampire bats a forest centaur 6 gnome kings 3 piranhas 6 giant eels 2 orc mummies 4 dwarf mummies 81 ogres 4 brown puddings 3 rust monsters 4 owlbears 4 yetis 3 gold golems a werewolf a dog 3 dingos a housecat 4 jaguars 5 dwarf lords 4 blue jellies 6 water nymphs 3 white unicorns a gray unicorn 2 dust vortices 35 ravens 5 plains centaurs 5 gnome mummies 6 Woodland-elves 8 apes 15 human zombies 13 soldier ants 2 fire ants 9 yellow lights 10 bugbears 3 imps a baby crocodile 4 wood nymphs 8 Mordor orcs 3 Uruk-hai 7 orc shamans 4 rock moles 4 rock piercers 2 fog clouds a shrieker 4 violet fungi 20 gnome lords 7 gnomish wizards 5 jellyfish a kobold mummy a red naga hatchling a black naga hatchling 6 gray oozes 22 elf zombies 18 ghouls 3 straw golems a paper golem 9 giant ants 4 puppies 3 floating eyes 4 kittens 21 dwarves a homunculus 7 kobold lords 2 iguanas 23 hill orcs 17 rothes 5 centipedes 5 jitterbugs 6 giant bats 2 monkeys 19 orc zombies 29 dwarf zombies 2 werejackals 20 killer bees a coyote 4 gas spores 7 hobbits an acid blob 4 large kobolds 13 geckos 21 hobgoblins 10 giant rats 2 cave spiders 2 brown molds 3 yellow molds 2 green molds 5 red molds 65 gnomes 4 garter snakes 4 manes 16 gnome zombies 3 jackals 3 foxes 3 kobolds 9 newts 6 goblins 3 sewer rats 8 grid bugs 11 bats 12 lichens 9 kobold zombies 1399 creatures vanquished. Genocided species: liches demiliches master liches arch-liches 4 species genocided. Voluntary challenges: You did not cause conflict. You were not displaced. You had been an atheist until turn 2338. You donated to temples 3 times (receiving 4 points of protection), starting on turn 8509. You received temple protection 3 times, starting on turn 8509. You used a wielded weapon 2532 times, starting on turn 10. You did not use plumbed fixtures. You read items or engraved 25 times, starting on turn 2779. You genocided 4 types of monsters, starting on turn 25317. You never polymorphed an object. You changed form 1 time, starting on turn 4121. You completed Sokoban on turn 6487, according to the rules. You used 1 wish, starting on turn 19389. You did not wish for any artifacts. You did not apply or invoke any artifacts. You never split a pudding. You never wrote Elbereth's name. You never violated your personal moral code. You enabled loading special bones files. Dungeon overview: The Dungeons of Doom: levels 1 to 29 Level 1 a long staircase Level 2 (water) stairs to The Gnomish Mines Level 3 (giantslayer) a vault, a weapon shop Level 4 a scroll shop, some fountains, a sink Level 5 (water) a vault, a general store, a fountain Level 6 an empty vault, some fountains, a throne Level 7 a vault, a sink, a throne Level 8 Level 9 many fountains Level 10 a fountain stairs to Sokoban Level 11 a throne Level 12 (water) a vault Level 13 a bookstore Level 14 (big room) Level 15 (water) Level 16 (quest) portal to The Quest Level 17 Level 18 (rogue) Level 19 a temple to Mitra Level 20 Level 21 Level 22 an empty vault Level 23 a fountain, many trees Level 24 Level 25 Level 26 (black unicorn) Level 27 Level 28 Level 29 a magic chest, a fountain, a throne Gehennom: levels 30 to 32 Level 30 a temple to Moloch, a magic chest stairs to The Dungeons of Doom Level 31 <- You were here Level 32 The Gnomish Mines: levels 3 to 11 Level 3 stairs to The Dungeons of Doom Level 4 Level 5 (stash) Level 6 many shops, a temple to Crom, a magic chest, some trees Level 7 Level 8 Level 9 Level 10 Level 11 many altars to Moloch, a magic chest, some fountains The Quest: levels 1 to 5 Level 1 (bell) a magic chest portal to The Dungeons of Doom Level 2 Level 3 a tree Level 4 Level 5 an altar to Mitra Sokoban: levels 6 to 9 Level 6 a magic chest Level 7 Level 8 Level 9 an altar to Set, a magic chest stairs to The Dungeons of Doom History has recorded: On T:1 you entered the Dungeons of Doom to retrieve the Amulet of Yendor! On T:37 you reached level 2 of The Dungeons of Doom. On T:440 you advanced to experience level 2. On T:492 you reached level 1 of The Gnomish Mines. On T:573 you reached level 3 of The Dungeons of Doom. On T:752 you reached level 4 of The Dungeons of Doom. On T:763 you advanced to experience level 3. On T:1126 you reached level 5 of The Dungeons of Doom. On T:1186 you advanced to experience level 4. On T:1375 you reached level 6 of The Dungeons of Doom. On T:1731 you advanced to experience level 5. On T:2052 you reached level 7 of The Dungeons of Doom. On T:2122 you advanced to experience level 6. On T:2256 you reached level 8 of The Dungeons of Doom. On T:2338 you prayed to Set. On T:2936 you advanced to experience level 7. On T:3240 you reached level 9 of The Dungeons of Doom. On T:3884 you reached level 10 of The Dungeons of Doom. On T:4051 you reached level 11 of The Dungeons of Doom. On T:4660 you prayed to Set. On T:4680 you advanced to experience level 8. On T:4697 you prayed to Set. On T:4987 you reached level 4 of Sokoban. On T:5004 you opened a magic chest. On T:5263 you reached level 3 of Sokoban. On T:5541 you reached level 2 of Sokoban. On T:5853 you reached level 1 of Sokoban. On T:6487 you advanced to experience level 9. On T:6487 you entered the Sokoban zoo. On T:7574 you reached level 2 of The Gnomish Mines. On T:7810 you reached level 3 of The Gnomish Mines. On T:7977 you reached level 4 of The Gnomish Mines. On T:8081 you reached level 5 of The Gnomish Mines. On T:8409 you entered the Minetown temple On T:10232 you reached level 6 of The Gnomish Mines. On T:10673 you reached level 7 of The Gnomish Mines. On T:10681 you advanced to experience level 10. On T:10708 you reached level 8 of The Gnomish Mines. On T:11244 you reached level 9 of The Gnomish Mines. On T:11244 you reached the bottom of the Mines. On T:11596 you advanced to experience level 11. On T:12306 you reached level 12 of The Dungeons of Doom. On T:12678 you reached level 13 of The Dungeons of Doom. On T:12879 you reached level 14 of The Dungeons of Doom. On T:13103 you reached level 15 of The Dungeons of Doom. On T:13627 you reached level 16 of The Dungeons of Doom. On T:13751 you reached level 17 of The Dungeons of Doom. On T:13913 you reached level 18 of The Dungeons of Doom. On T:13913 you entered the Rogue tribute level. On T:14189 you reached level 19 of The Dungeons of Doom. On T:14239 you reached level 20 of The Dungeons of Doom. On T:14729 you reached level 21 of The Dungeons of Doom. On T:15243 you advanced to experience level 12. On T:16621 you reached level 22 of The Dungeons of Doom. On T:16729 you reached level 23 of The Dungeons of Doom. On T:17494 you received Cleaver from Set. On T:19259 you reached level 1 of The Quest. On T:19367 you advanced to experience level 13. On T:19368 you advanced to experience level 14. On T:19372 you embarked upon an epic quest. On T:19372 you unlocked the Samurai role by qualifying for the Barbarian quest. On T:19389 you wished for "+3 blessed fixed greased gray dragon scales". On T:19438 you reached level 2 of The Quest. On T:19504 you reached level 3 of The Quest. On T:19852 you reached level 4 of The Quest. On T:20157 you reached level 5 of The Quest. On T:20546 you killed Thoth Amon on level 5 of The Quest. On T:20702 you completed the quest! On T:22120 you advanced to experience level 15. On T:22351 you reached level 24 of The Dungeons of Doom. On T:22352 you killed Medusa on level 24 of The Dungeons of Doom. On T:22468 you advanced to experience level 16. On T:22661 you reached level 25 of The Dungeons of Doom. On T:23480 you reached level 26 of The Dungeons of Doom. On T:24034 you reached level 27 of The Dungeons of Doom. On T:24445 you reached level 28 of The Dungeons of Doom. On T:24695 you reached The Castle. On T:25729 you advanced to experience level 17. On T:26546 you reached The Valley of the Dead. On T:26614 you advanced to experience level 18. On T:26712 you advanced to experience level 19. On T:26728 you advanced to experience level 20. On T:26765 you advanced to experience level 21. On T:27381 you reached level 2 of Gehennom. On T:27402 you reached level 3 of Gehennom. Score breakdown: Gold: 94 ( 9 points) Experience: 21 levels ( 2000 points) Exploration: 32 levels ( 930 points) Discoveries: 95 items ( 2000 points) Variety of kills: 225 monsters ( 2000 points) Major goal: finished the Quest ( 2000 points) Survival: died (score multiplied by 3) Total score: 26817 Latest messages: The umber hulk zaps a wand of digging! The umber hulk has made a hole in the floor. The umber hulk falls through... The umber hulk claws you! (2x) The umber hulk bites! The umber hulk's gaze confuses you! Something claws you! The mammoth butts! (2x) The iron golem punches you! You swing your Cleaver in a tremendous arc. You smite the iron golem! You smite the mammoth! You smite the umber hulk! You swing your Cleaver in a tremendous arc. You smite the jabberwock! You kill the umber hulk! You kill the mammoth! The jabberwock bites! (2x) The jabberwock claws you! The jabberwock misses. You attack thin air. You swing your Cleaver in a tremendous arc. You smite the jabberwock! The jabberwock bites! (2x) The jabberwock claws you! (2x) The iron golem punches you! You die... Final status: Goodbye woodfighter the Barbarian, killed by an iron golem... You died in Gehennom on dungeon level 31 with 26817 points, and 94 pieces of gold, after 27435 moves. You were level 21 with a maximum of 160 hit points when you died.